 Dungeon Crawl Stone Soup version 0.30-a0-364-gf6b3ef1049 (webtiles) character file.

Game seed: 8250977033286582555

723 kingsuperguy the Ducker (level 7, -2/67 HPs)
             Began as a Troll Warper on Nov 14, 2022.
             Was a Believer of Elyvilon.
             Slain by a water moccasin (5 damage)
             ... on level 5 of the Dungeon.
             The game lasted 00:27:06 (5252 turns).

kingsuperguy the Ducker (Troll Warper)              Turns: 5252, Time: 00:27:06

Health: -2/67      AC:  4    Str: 20    XL:     7   Next: 43%
Magic:  8/9        EV: 10    Int: 11    God:    Elyvilon [**....]
Gold:   330        SH:  0    Dex:  9    Spells: 8/10 levels left

rFire   . . .      SeeInvis .    d - +2 dagger (venom)
rCold   . . .      Faith    .    (no shield)
rNeg    . . .      Spirit   .    b - +0 robe
rPois   .          Reflect  .    (helmet restricted)
rElec   .          Harm     .    (no cloak)
rCorr   .          Rampage  .    (gloves unavailable)
Will    .....                    (boots unavailable)
Stlth   +.........               z - amulet of the acrobat
HPRegen 1.11/turn                (no ring)
MPRegen 0.11/turn                (no ring)

@: lethally poisoned (-2 -> -3), about to teleport, flying
A: large, unfitting armour, claws 3, regeneration 1, shaggy fur 1, tough skin 1
a: Renounce Religion, Purification, Heal Other


You were on level 5 of the Dungeon.
You worshipped Elyvilon.
Elyvilon was pleased with you.
You visited 1 branch of the dungeon, and saw 5 of its levels.
You also visited: Sewer.

You collected 330 gold pieces.

Inventory:

Hand Weapons
 a - a +0 mace
 c - a +0 spear
 d - a +2 dagger of venom (weapon)
 r - a +0 hand axe
 v - a +0 sling
 D - a +0 dagger
 H - a +0 flail
 I - a +0 short sword
 K - a +0 shortbow
Missiles
 e - 10 poisoned darts (quivered)
 g - 53 stones
 j - a throwing net
 B - 6 boomerangs
 J - 5 javelins
Armour
 b - a +0 robe (worn)
 k - a +0 ring mail
 q - a +0 leather armour
 t - a +2 pair of gloves
 w - a +0 kite shield
Jewellery
 u - an amulet of faith
 z - an amulet of the acrobat (around neck)
Scrolls
 f - 2 scrolls of fear
 h - 5 scrolls of identify {unknown}
 i - 3 scrolls of vulnerability {unknown}
 l - 2 scrolls of amnesia {unknown}
 n - 2 scrolls of immolation {unknown}
 s - 4 scrolls of teleportation
 y - a scroll of summoning {unknown}
 C - a scroll of fog {unknown}
 G - a scroll of magic mapping {unknown}
Potions
 m - 2 potions of degeneration {unknown}
 o - 4 potions of flight
 p - a potion of curing {unknown}
 x - a potion of magic {unknown}
 A - a potion of mutation {unknown}
 E - 3 potions of heal wounds {unknown}


   Skills:
 + Level 3.0 Fighting
 * Level 1.7 Short Blades
 - Level 3.1 Maces & Flails
 + Level 1.5 Ranged Weapons
 + Level 1.1 Throwing
 + Level 3.7 Dodging
 * Level 2.4 Spellcasting
 * Level 2.9 Translocations


You had 8 spell levels left.
You knew the following spells:

 Your Spells              Type           Power      Damage    Failure   Level
a - Blink                 Tloc           14%        N/A       13%         2

Your spell library contained the following spells:

 Spells                   Type           Power      Damage    Failure   Level
 Gell's Gravitas          Tloc           7%         N/A       26%         3
 Lesser Beckoning         Tloc           14%        N/A       26%         3
 Teleport Other           Tloc           7%         N/A       26%         3
 Vhi's Electric Charge    Tloc/Air       8%         N/A       41%         3
 Ozocubu's Armour         Ice            1%         N/A       63%         3
 Manifold Assault         Tloc           7%         N/A       63%         4
 Dispersal                Tloc           3%         N/A       100%        6
 Ozocubu's Refrigeration  Ice            0%         4d7       100%        7


Dungeon Overview and Level Annotations

Branches:
Dungeon (5/15)              Sewer (visited)
 Temple: D:4-7

Altars:
Dithmenos
Elyvilon

Annotations:
D:4 3 runed translucent doors, baller8008's ghost, amateur AtFi


Innate Abilities, Weirdness & Mutations

You are too large for most types of armour.
You have claws for hands.
Your natural rate of healing is unusually fast.
You are covered in fur. (AC +1)
You have tough skin. (AC +1)


Message History

You feel very sick.
The water moccasin attacks as you move away!
The water moccasin barely misses you.
You feel sick. The water moccasin misses you.
You feel sick.
Casting: Blink (safe; 13% risk of failure)
Confirm with . or Enter, or press ? or * to list all spells.
You miscast Blink.
You are very lightly contaminated with residual magic.
Nothing appears to happen.
You feel sick. The water moccasin bites you!
* * * LOW HITPOINT WARNING * * *
Blink to where?
Press: ? - help, Dir - move target
As you read the scroll of blinking, it crumbles to dust.
You feel sick.
You feel sick.
You feel sick.
You feel sick.
You feel sick.
You feel sick.
You are no longer poisoned.
You see here a +0 robe.
Your magical contamination has completely faded away.
As you read the scroll of teleportation, it crumbles to dust.
You feel strangely unstable.
The water moccasin attacks as you move away!
The water moccasin bites you.
* * * LOW HITPOINT WARNING * * *
You are poisoned.
The water moccasin poisons you!
* * * LOW HITPOINT WARNING * * *
You feel very sick.
The water moccasin completely misses you.
* * * LOW HITPOINT WARNING * * *
You feel very sick.
You feel very buoyant.
You fly up into the air.
You feel sick. The water moccasin bites you. Elyvilon protects you from harm!
The water moccasin bites you.
You die...

###### ###########
.....##############.........#
.....##..##..##..##........##
.....##.......#............##
.....##.......'.............#
.....#.......##..##..########
.....#.......##..##).####..#
.....#.............<.......#
.....'......[o.S@..........##.
####.##..##..##.###..########.
##.######..##.###..####..##...
#........................##...#
#........................##...#
#..................)...........
#..............................
##..##.###...###..##'###.####.#
#..##.# #...###..##.###.####.#


You could see a water moccasin and an orc.

Vanquished Creatures
  A centaur (D:5)
  A phantom (D:4)
  A scorpion (D:5)
  2 hounds
  An orc priest (D:4)
  Jessica (D:3)
  A merfolk siren (Sewer)
  2 orc wizards
  A merfolk avatar (Sewer)
  4 gnolls (D:3)
  7 adders
  5 river rats
  A white imp (D:5)
  3 dart slugs
  2 worms
  16 orcs
  8 endoplasms
  7 giant cockroaches
  4 goblins
  7 hobgoblins
  6 jackals
  4 quokkas
  12 ball pythons
  7 bats
  8 frilled lizards
  6 kobolds
  21 rats
139 creatures vanquished.

Notes
Turn   | Place    | Note
-------+----------+-------------------------------------------
     0 | D:1      | kingsuperguy the Troll Warper began the quest for the Orb.
     0 | D:1      | Reached XP level 1. HP: 19/19 MP: 1/1
    10 | D:1      | Upgraded the game from 0.30-a0-360-g447f08457e to
                  | 0.30-a0-364-gf6b3ef1049
   457 | D:1      | Reached XP level 2. HP: 27/27 MP: 3/3
  1157 | D:2      | Reached XP level 3. HP: 34/35 MP: 4/4
  1160 | D:2      | Learned a level 2 spell: Blink
  2201 | D:3      | Reached XP level 4. HP: 41/42 MP: 5/5
  2312 | D:3      | Noticed Jessica
  2359 | D:4      | Found a glowing drain.
  2366 | Sewer    | Entered a sewer
  2655 | Sewer    | Reached XP level 5. HP: 45/49 MP: 6/6
  3038 | D:4      | Reached skill level 1 in Ranged Weapons
  3117 | D:3      | Noticed a shining eye
  3119 | D:3      | Found a faded altar of an unknown god.
  3123 | D:3      | Noticed a great orb of eyes
  3148 | D:3      | Killed Jessica
  3170 | D:3      | Reached XP level 6. HP: 56/59 MP: 7/7
  3179 | D:3      | Noticed an eye of devastation
  3179 | D:3      | Noticed a floating eye
  3185 | D:3      | Prayed at the altar of an unknown god.
  3185 | D:3      | Became a worshipper of Elyvilon the Healer
  3185 | D:3      | Reached * piety under Elyvilon
  3263 | D:3      | Found a shadowy altar of Dithmenos.
  3978 | D:4      | Reached skill level 1 in Throwing
  4333 | D:4      | Reached ** piety under Elyvilon
  4407 | D:4      | Found a runed translucent gate.
  4407 | D:4      | Found a runed translucent gate.
  4407 | D:4      | Found a runed translucent gate.
  4408 | D:4      | Noticed baller8008's ghost (amateur AtFi)
  4747 | D:5      | Entered Level 5 of the Dungeon
  4761 | D:5      | Reached skill level 1 in Short Blades
  4761 | D:5      | Reached XP level 7. HP: 51/66 MP: 9/9
  5239 | D:5      | HP: 3/67 [water moccasin (7)]
  5251 | D:5      | HP: 3/67 [poisoned by a water moccasin]
  5252 | D:5      | Elyvilon protects you from harm!
  5252 | D:5      | Slain by a water moccasin

Illustrated notes

Levels and vault maps discovered:
D:1:      elethiomel_arrival_maze, layout_loops_corners
D:2:      layout_basic
D:3:      layout_basic, mainiacjoe_overflow_alcove_2,
          hellmonk_ecumenical_altar_watching_god, uniq_jessica
D:4:      layout_cave_pools, gammafunk_ghost_nasty_kobolds, portal_sewer_entry_b
D:5:      layout_gridville, vehumet_crystals

Skill      XL: |  1  2  3  4  5  6  7 |
---------------+----------------------+-----
Dodging        | 2 3 |  3.7
Maces & Flails | 2 3 |  3.1
Fighting       | 2 3 |  3.0
Ranged Weapons | 1 |  1.5
Spellcasting   | 2 |  2.4
Throwing       | 1 |  1.1
Short Blades   | 1 |  1.7
Translocations | |  2.9

Action                   |  1- 3 |  4- 6 |  7- 9 || total
-------------------------+-------+-------+-------++-------
Melee: Mace              |   179 |   175 |       ||   354
       Punch             |     1 |     3 |       ||     4
       Dagger            |       |   108 |   105 ||   213
 Fire: Sling             |    10 |    51 |       ||    61
Throw: Boomerang         |     1 |     6 |       ||     7
 Cast: Blink             |       |     2 |     2 ||     4
  Use: Scroll            |       |     4 |     3 ||     7
       Potion            |       |       |     1 ||     1
Armor: Robe              |   111 |   131 |    46 ||   288
Dodge: Dodged            |   143 |   349 |   188 ||   680

Table legend: (Time is in decaauts)
 A = Elapsed time spent in this place.
 B = Non-inter-level travel time spent in this place.
 C = Inter-level travel time spent in this place.
 D = Time resting spent in this place.
 E = Time spent auto-exploring this place.
 F = Levels seen in this place.
 G = Mean time per level.
                   A        B        C        D        E       F      G
               +--------+--------+--------+--------+--------+-----+--------+
         Total |   5446 |   5189 |    257 |    143 |   2175 |   6 |  907.7 |
       Dungeon |   4646 |   4389 |    257 |     54 |   2172 |   5 |  929.2 |
         Sewer |    799 |    799 |      0 |     89 |      3 |   1 |  799.0 |
               +--------+--------+--------+--------+--------+-----+--------+

Top non-repeatable levels by time:
     D:3: 1240 daAuts
     D:1: 1130 daAuts
     D:4: 993 daAuts
     D:2: 907 daAuts
   Sewer: 799 daAuts
     D:5: 375 daAuts
